 Dungeon Crawl Stone Soup version 0.20.1-1-g8b1a95d (console) character file.

109 hilaritas the Shield-Bearer (level 5, -6/42 HPs)
             Began as a Formicid Fighter on Dec 14, 2017.
             Was an Elder of Uskayaw.
             Mangled by an orc priest
             ... wielding a +0 trident
              (7 damage)
             ... on level 3 of the Dungeon.
             The game lasted 00:05:17 (1715 turns).

hilaritas the Shield-Bearer (Formicid Fighter)      Turns: 1715, Time: 00:05:18

Health: -6/42      AC:  9    Str: 26    XL:     5   Next: 13%
Magic:  5/5        EV:  6    Int:  8    God:    Uskayaw [****..]
Gold:   142        SH: 10    Dex: 10    Spells: 4/4 levels left

rFire    . . .     SeeInvis +   a - +0 war axe
rCold    . . .     Gourm    .   c - +0 shield
rNeg     . . .     Faith    .   j - +0 chain mail
rPois    .         Spirit   .   (helmet unavailable)
rElec    .         Reflect  .   (no cloak)
rCorr    .         Harm     .   (no gloves)
MR       .....                  (no boots)
Stlth    ..........             (no amulet)
Regen    0.2/turn               (no ring)
MPRegen  0.1/turn               (no ring)

@: mighty
A: permanent stasis, dig shafts and tunnels, four strong arms, antennae 3
a: Dig, Shaft Self, Stomp, Line Pass, Renounce Religion


You were on level 3 of the Dungeon.
You worshipped Uskayaw.
Uskayaw was noncommittal.
You were not hungry.

You visited 1 branch of the dungeon, and saw 3 of its levels.

You collected 142 gold pieces.

Inventory:

Hand Weapons
 a - a +0 war axe (weapon)
 b - a +0 whip
 u - a +0 hand axe
Missiles
 v - 4 tomahawks (quivered)
Armour
 c - a +0 shield (worn)
 j - a +0 chain mail (worn)
Jewellery
 h - a cursed ring of teleportation {unknown}
 o - a cursed ring of teleportation {unknown}
Scrolls
 e - 3 scrolls of identify {unknown}
 g - a scroll of immolation {unknown}
 l - a scroll of noise {unknown}
 m - a scroll of teleportation {unknown}
 n - a scroll of remove curse {unknown}
 p - a scroll of amnesia {unknown}
 q - a scroll of recharging {unknown}
 t - a scroll of enchant armour {unknown}
Potions
 i - 2 potions of haste {unknown}
 k - a potion of curing
Comestibles
 f - a bread ration
 r - 4 chunks of flesh
 s - 2 meat rations


   Skills:
 + Level 3.7 Fighting
 * Level 3.9 Axes
 - Level 3.2 Armour
 + Level 4.4 Shields
 * Level 0.8 Invocations


You had 4 spell levels left.
You didn't know any spells.

Dungeon Overview and Level Annotations

Branches:
Dungeon (3/15)

Altars:
Cheibriados
Kikubaaqudgha
Uskayaw
Yredelemnul
Zin


Innate Abilities, Weirdness & Mutations

You cannot be hasted, slowed, berserked, paralysed or teleported.
You can dig through walls and to a lower floor.
Your four strong arms can wield two-handed weapons with a shield.
You have a pair of large antennae on your head. (SInv)


Message History

The worm is severely wounded.
You block the orc priest's attack. The worm bites you but does no damage.
You barely miss the worm.
The worm is severely wounded.
The orc priest is no longer sharing its pain.
The worm is no longer sharing its pain.
The orc priest hits you from afar with a trident.
You block the worm's attack.
You slash the worm!
You kill the worm!
You block the orc priest's attack.
The orc priest hits you but does no damage.
Items here: )))) [[ †††† You barely miss the orc priest.
The orc priest is moderately wounded.
The orc priest invokes the aid of Beogh against you.
Pain shoots through your body!
* * * LOW HITPOINT WARNING * * *
The orc priest hits you with a trident!
You die...

... #.#.. #.##. #......
#.# . #...... #.###.###
#...... #........
#...... ############.#..
#...... #............#..
#...... #.##########.+..
#.....o##.........##.#..
.......@'.........##.#..
.......##.......[....#..
....... #######......#..
....... #......#.#
....... #......#.#
....... #......#.
....... #......#.
....... ######.# .#


You could see an orc priest.

Vanquished Creatures
  An orc wizard (D:3)
  An adder (D:2)
  3 worms
  2 dart slugs
  4 leopard geckos
  4 orcs (D:3)
  6 giant cockroaches
  5 goblins
  3 hobgoblins
  6 jackals (D:2)
  5 bats
  A frilled lizard (D:1)
  5 kobolds
  4 rats (D:1)
50 creatures vanquished.

Notes
Turn   | Place    | Note
-------+----------+-------------------------------------------
     0 | D:1      | hilaritas the Formicid Fighter began the quest for the Orb.
     0 | D:1      | Reached XP level 1. HP: 18/18 MP: 1/1
   214 | D:1      | Reached XP level 2. HP: 23/24 MP: 2/2
   449 | D:1      | Reached skill level 4 in Shields
   517 | D:1      | Reached XP level 3. HP: 29/29 MP: 3/3
   829 | D:2      | Found a snail-covered altar of Cheibriados.
   918 | D:2      | Reached XP level 4. HP: 35/37 MP: 4/4
  1353 | D:2      | Found a glowing silver altar of Zin.
  1354 | D:2      | Found a hide-covered altar of Uskayaw.
  1357 | D:2      | Found a basalt altar of Yredelemnul.
  1357 | D:2      | Found an ancient bone altar of Kikubaaqudgha.
  1362 | D:2      | Became a worshipper of Uskayaw the Reveler
  1527 | D:2      | Reached * piety under Uskayaw
  1699 | D:3      | Reached ** piety under Uskayaw
  1703 | D:3      | Reached *** piety under Uskayaw
  1704 | D:3      | Reached XP level 5. HP: 16/42 MP: 5/5
  1710 | D:3      | Reached **** piety under Uskayaw
  1715 | D:3      | HP: 1/42 [orc priest/nerve-wracking pain (13)]
  1715 | D:3      | Mangled by an orc priest

Skill      XL: |  1  2  3 |
---------------+----------+-----
Shields        | 4 |  4.4
Axes           | 3 |  3.9
Fighting       | |  3.7
Armour         | |  3.2
Invocations    | |  0.8

Action                   |  1- 3 |  4- 6 || total
-------------------------+-------+-------++-------
Melee: War axe           |   116 |    52 ||   168
  Use: Potion            |       |     3 ||     3
 Stab: Paralysed         |       |     1 ||     1
  Eat: Chunk             |       |     3 ||     3
Armor: Scale mail        |    28 |       ||    28
       Chain mail        |    52 |    25 ||    77
Dodge: Dodged            |    48 |     7 ||    55
Block: Shield            |    78 |    35 ||   113
